 Dungeon Crawl Stone Soup version 0.31-a0-145-g046c7d2549 (webtiles) character file.

Game seed: 12229255582534036153

4169 lunkers the Cruncher (level 10, 0/80 HPs)
             Began as a Meteoran Fighter on June 6, 2023.
             Was an Elder of Okawaru.
             Slain by a troll (3 damage)
             ... on level 9 of the Dungeon.
             The game lasted 00:14:25 (2519 turns).

lunkers the Cruncher (Meteoran Fighter)             Turns: 2519, Time: 00:14:25

Health: 0/80       AC: 13    Str: 22    XL:     10   Next: 82%
Magic:  15/15      EV: 15    Int:  9    God:    Okawaru [****..]
Gold:   320        SH:  0    Dex: 15    Spells: 9/9 levels left

rFire   . . .        a - +5 quarterstaff (heavy)
rCold   . . .        (shield currently unavailable)
rNeg    + . .        j - +0 swamp dragon scales
rPois   +            (no helmet)
rElec   .            h - +2 cloak {Stlth+}
rCorr   .            (no gloves)
SInv    .            (no boots)
Will    +....        (no amulet)
Stlth   ++           q - ring of positive energy
HPRegen 0.33/turn    (no ring)
MPRegen 0.14/turn

%: no passive effects
@: heroic, slowed, glowing, very slow
A: sense surroundings 2, otherworldly, glowing, explore regen
a: Renounce Religion, Heroism, Finesse


You were on level 9 of the Dungeon.
You worshipped Okawaru.
Okawaru was greatly pleased with you.
You visited 1 branch of the dungeon, and saw 9 of its levels.

You collected 320 gold pieces.

Inventory:

Hand Weapons
 a - a +5 heavy quarterstaff (weapon)
 b - a +3 hammer
 d - a +0 war axe
 i - a +3 scimitar of flaming
Missiles
 r - 6 curare-tipped darts
Armour
 c - a +0 buckler
 f - a +0 plate armour
 h - a +2 cloak of stealth (worn)
 j - +0 swamp dragon scales (worn)
 k - a scarf of resistance
Jewellery
 q - a ring of positive energy (left hand)
Wands
 m - a wand of acid (5)
Scrolls
 l - 2 scrolls of fog
 n - 2 scrolls of brand weapon
 u - a scroll of enchant armour {unknown}
 v - a scroll of torment {unknown}
Potions
 e - a potion of mutation
 g - 2 potions of berserk rage
 o - 2 potions of ambrosia
 w - 2 potions of haste
 x - a potion of invisibility {unknown}


   Skills:
 + Level 4.6(9.6) Fighting
 - Level 5.1(10.6) Axes
 + Level 3.6(16.1) Maces & Flails
 - Level 14.0(19.1) Staves
 + Level 5.1(10.1) Armour
 + Level 3.4(8.4) Dodging
 - Level 3.6(8.6) Shields
 + Level 5.6 Invocations


You had 9 spell levels left.
You didn't know any spells.
Your spell library was empty.

Dungeon Overview and Level Annotations

Branches:
Dungeon (9/15) Zot: 2869   Temple (0/1) D:7
   Lair: D:8-11         Orc: D:9-12

Altars:
Dithmenos
Hepliaklqana
Kikubaaqudgha
Makhleb
Okawaru
Uskayaw
Vehumet
Yredelemnul

Shops:
D:3 (   D:7 *


Innate Abilities, Weirdness & Mutations

You passively map the area around you.
You are easily found by Zot.
You glow in the dark.
You regain HP and MP as you explore.


Message History

* * * LOW HITPOINT WARNING * * *
The troll closely misses you. The troll misses you.
The troll claws you but does no damage. The kobold hits you but does no damage.
The kobold misses you.
The kobold brigand hits you but does no damage.
The wight hits you but does no damage. The killer bee stings you.
* * * LOW HITPOINT WARNING * * *
You are too injured to fight recklessly!
You are too injured to fight recklessly!
You are too injured to fight recklessly!
Unknown command.
You miss the killer bee.
You feel sick.
The killer bee stings you but does no damage.
The killer bee misses you. The troll bites you!
* * * LOW HITPOINT WARNING * * *
The troll claws you.
* * * LOW HITPOINT WARNING * * *
The troll claws you!
* * * LOW HITPOINT WARNING * * *
The wight closely misses you.
The kobold brigand hits you with a +0 whip.
* * * LOW HITPOINT WARNING * * *
The kobold hits you but does no damage. x2
You sock the killer bee!
The killer bee is almost dead.
You feel sick.
You are no longer poisoned.
The killer bee stings you!
* * * LOW HITPOINT WARNING * * *
The killer bee closely misses you. The troll bites you but does no damage.
The troll claws you but does no damage. x2; The wight misses you.
The kobold brigand misses you. The kobold barely misses you.
The kobold hits you but does no damage. The killer bee misses you.
Unknown command.
You bludgeon the killer bee!!
You kill the killer bee!
Okawaru accepts your kill. The troll bites you but does no damage.
The troll claws you but does no damage. The troll claws you.
You die...

*, , * ,, , * * *
.####......... , , ,
*,...#........# ** , *
,......#....* , *
#........# * , ,
#........# * ,
####.z......# , ,, ,*
, ......KTK.# *
######..zK@..# * ,,,
## * #....#.####)## *
, .. #.##.#.####.# , ,
* .######.#.......#)#
, .8##.##.#....#..#†#
, *
.))#.....#.#...<#.# ,
, *
>).#'#####.#.#.##'####
* * *
.8#........#.#.......#
.##.....####.##......#


You could see a troll, a kobold brigand, 2 wights and 2 kobolds.

Vanquished Creatures
  Joseph (D:7)
  Maggie (D:8)
  A wyvern (D:9)
  A steam dragon (D:8)
  Duvessa (D:7)
  A sky beast (D:6)
  A water moccasin (D:6)
  3 orc warriors
  4 ice beasts
  A centaur (D:9)
  A kobold brigand (D:8)
  3 bullfrogs
  14 wights
  Dowan (D:7)
  9 killer bees
  A howler monkey (D:6)
  A lava snake (D:7)
  3 hounds
  7 orc priests
  Crazy Yiuf (D:2)
  3 iron imps (D:5)
  4 iguanas
  A scorpion zombie (D:3)
  A gnoll bouda (D:5)
  5 orc wizards
  5 gnolls (D:5)
  3 adders
  2 shadow imps
  2 white imps (D:6)
  3 ufetubi (D:6)
  An adder zombie (D:3)
  18 orcs
  3 bats
  3 endoplasms
  2 giant cockroaches (D:1)
  12 goblins
  5 hobgoblins
  13 jackals
  3 quokkas
  5 ball pythons
  2 frilled lizards
  4 kobolds
  2 rats (D:1)
158 creatures vanquished.

Notes
Turn   | Place    | Note
-------+----------+-------------------------------------------
     0 | D:1      | lunkers the Meteoran Fighter began the quest for the Orb.
     0 | D:1      | Reached XP level 1. HP: 19/19 MP: 2/2
     4 | D:1      | Noticed an electric eel
    57 | D:1      | Reached XP level 2. HP: 13/26 MP: 3/3
   148 | D:1      | Reached XP level 3. HP: 28/30 MP: 4/4
   333 | D:2      | Found a runed translucent door.
   334 | D:2      | Noticed Crazy Yiuf
   343 | D:2      | Killed Crazy Yiuf
   344 | D:2      | Reached skill level 5 in Axes
   344 | D:2      | Reached XP level 4. HP: 25/38 MP: 5/5
   471 | D:2      | Found a faded altar of an unknown god.
   543 | D:2      | Reached skill level 1 in Staves
   586 | D:3      | Found Uffe's Antique Weapon Emporium.
   599 | D:3      | Found a radiant altar of Vehumet.
   681 | D:3      | Reached skill level 2 in Staves
   681 | D:3      | Reached XP level 5. HP: 39/45 MP: 6/6
   687 | D:3      | Found a basalt altar of Yredelemnul.
   809 | D:3      | Reached skill level 3 in Staves
   889 | D:4      | Noticed a small abomination
   936 | D:4      | Found an iron altar of Okawaru.
   945 | D:4      | Became a worshipper of Warmaster Okawaru
   971 | D:4      | Reached skill level 4 in Staves
   971 | D:4      | Reached XP level 6. HP: 51/51 MP: 7/7
  1030 | D:4      | You fall into a shaft and drop 3 floors!
  1037 | D:7      | Found Byullon's Assorted Antiques.
  1051 | D:7      | Noticed a water moccasin
  1066 | D:6      | Killed a water moccasin
  1067 | D:6      | Reached skill level 5 in Staves
  1083 | D:6      | Found an ancient bone altar of Kikubaaqudgha.
  1099 | D:6      | Noticed an ice beast
  1106 | D:6      | Killed an ice beast
  1107 | D:6      | Reached skill level 6 in Staves
  1107 | D:6      | Reached XP level 7. HP: 40/57 MP: 8/8
  1142 | D:6      | Reached * piety under Okawaru
  1158 | D:6      | Reached skill level 7 in Staves
  1256 | D:6      | Reached XP level 8. HP: 59/63 MP: 10/10
  1306 | D:5      | Entered Level 5 of the Dungeon
  1389 | D:5      | Reached skill level 8 in Staves
  1478 | D:5      | Found a burning altar of Makhleb.
  1579 | D:5      | Found a hazy altar of Hepliaklqana.
  1613 | D:5      | Reached skill level 9 in Staves
  1701 | D:6      | Reached ** piety under Okawaru
  1875 | D:8      | Reached skill level 10 in Staves
  1875 | D:8      | Gained mutation: You passively map the area around you.
                  | [Meteoran growth]
  1875 | D:8      | Reached XP level 9. HP: 45/70 MP: 13/13
  1980 | D:7      | Reached skill level 11 in Staves
  2022 | D:7      | Found a staircase to the Ecumenical Temple.
  2057 | D:7      | Noticed Joseph
  2062 | D:7      | Reached skill level 12 in Staves
  2065 | D:7      | Killed Joseph
  2065 | D:7      | Reached *** piety under Okawaru
  2082 | D:7      | Reached skill level 13 in Staves
  2086 | D:7      | Reached XP level 10. HP: 30/77 MP: 14/14
  2087 | D:7      | Found a hide-covered altar of Uskayaw.
  2096 | D:7      | Noticed Duvessa
  2096 | D:7      | Noticed Dowan
  2102 | D:7      | Killed Duvessa
  2106 | D:7      | Killed Dowan
  2178 | D:8      | Noticed Maggie
  2191 | D:8      | Killed Maggie
  2192 | D:8      | Reached skill level 14 in Staves
  2264 | D:8      | Reached skill level 1 in Maces & Flails
  2264 | D:8      | Reached skill level 1 in Dodging
  2271 | D:8      | Received a gift from Okawaru
  2302 | D:8      | Found a shadowy altar of Dithmenos.
  2318 | D:8      | Reached **** piety under Okawaru
  2319 | D:8      | Reached skill level 5 in Invocations
  2503 | D:9      | Reached skill level 5 in Armour
  2518 | D:9      | HP: 3/80 [killer bee (7)]
  2519 | D:9      | Slain by a troll

Illustrated notes

Levels and vault maps discovered:
D:1:      arrival_aquarium_b, layout_basic, minivault_11, minmay_misc_feat_chi
D:2:      layout_loops_ring, dilly_ecumenical_altar_fadedgnrine,
          dreamdust_wishing_well, uniq_crazy_yiuf_cottage
D:3:      layout_basic, lemuel_zombie_altar_yredelemnul,
          mainiacjoe_overflow_boulevard, serial_shops,
          nicolae_shop_getting_attention, minmay_goblin_outpost
D:4:      layout_loops_ring, kennysheep_okawaru_gauntlet,
          gammafunk_ghost_abyssal_escape
D:5:      layout_basic, mainiacjoe_overflow_24_doors, demons_altar
D:6:      minmay_flawed_box, layout_rooms, nicolae_ru_awakened_eye,
          kiku_gazebo_pond_becter
D:7:      layout_cave_pools, nicolae_uskayaw_suspiria,
          minmay_temple_entry_ruins, serial_shops, shop_statue, uniq_duvessa,
          uniq_joseph
D:8:      layout_basic, nicolae_dithmenos_through_a_glass_darkly, uniq_maggie
D:9:      layout_basic, fedhas_altar_3, st_stairs_6

Skill      XL: |  1  2  3  4  5  6  7  8  9 10 |
---------------+-------------------------------+-----
Axes           | 3 5 |  5.1
Staves         | 2 4 6 7 10 13 14 | 14.0
Invocations    | 2 4 5 |  5.6
Maces & Flails | 3 |  3.6
Dodging        | 3 |  3.4
Armour         | 5 |  5.1
Fighting       | 4 |  4.6
Shields        | |  3.6

Action                     |  1- 3 |  4- 6 |  7- 9 | 10-12 || total
---------------------------+-------+-------+-------+-------++-------
  Melee: War axe           |    62 |       |       |       ||    62
         Quarterstaff      |       |    90 |   191 |    95 ||   376
 Invoke: Heroism           |       |       |     1 |     2 ||     3
    Use: Scroll            |     1 |       |    12 |       ||    13
         Potion            |     1 |       |       |       ||     1
 Armour: Scale mail        |    31 |       |       |       ||    31
         Plate armour      |     8 |   137 |   116 |    21 ||   282
         Swamp dragon scal |       |       |       |    49 ||    49
  Dodge: Dodged            |    23 |    38 |    36 |    72 ||   169
  Block: Buckler           |    20 |       |       |       ||    20

Table legend: (Time is in decaauts)
 A = Elapsed time spent in this place.
 B = Non-inter-level travel time spent in this place.
 C = Inter-level travel time spent in this place.
 D = Time resting spent in this place.
 E = Time spent auto-exploring this place.
 F = Levels seen in this place.
 G = Mean time per level.
                   A        B        C        D        E       F      G
               +--------+--------+--------+--------+--------+-----+--------+
         Total |   2528 |   2370 |    158 |      0 |      0 |   9 |  280.9 |
       Dungeon |   2528 |   2370 |    158 |      0 |      0 |   9 |  280.9 |
               +--------+--------+--------+--------+--------+-----+--------+

Top non-repeatable levels by time:
     D:8: 458 daAuts
     D:5: 381 daAuts
     D:2: 342 daAuts
     D:3: 309 daAuts
     D:6: 285 daAuts
     D:1: 262 daAuts
     D:7: 230 daAuts
     D:4: 153 daAuts
     D:9: 106 daAuts
